 Dungeon Crawl Stone Soup version 0.29-a0-322-g68df515428 (webtiles) character file.

Game seed: 6673970718834674668

322 HotDog the Scratcher (level 6, -9/28 HPs)
             Began as a Felid Monk on Apr 6, 2022.
             Killed from afar by an acid dragon (14 damage)
             ... with a splash of acid
             ... on level 5 of the Dungeon.
             The game lasted 00:06:39 (4927 turns).

HotDog the Scratcher (Felid Monk)                   Turns: 4927, Time: 00:06:40

Health: -9/28      AC: -2    Str:  9    XL:     6   Next: 22%
Magic:  7/7        EV: 21    Int: 11    God:
Gold:   199        SH:  0    Dex: 19    Spells: 5/5 levels left
                                        Lives:  0   Deaths: 2

rFire   . . .      SeeInvis +     - Unarmed
rCold   + . .      Faith    .   (shield unavailable)
rNeg    . . .      Spirit   .   (body armour unavailable)
rPois   .          Reflect  .   (helmet unavailable)
rElec   .          Harm     .   (cloak unavailable)
rCorr   .          Rampage  .   (gloves unavailable)
Will    .....                   (boots unavailable)
Stlth   +++.......              b - amulet of magic regeneration
HPRegen 0.09/turn               j - ring of protection from cold
MPRegen 0.50/turn               (no ring)

@: corroded, quick
A: very small, claws 1, fangs 3, see invisible, speed 1, shaggy fur 2, stealthy
paws, no weapons or thrown items, no armour, multi-lived
a: no special abilities


You were on level 5 of the Dungeon.
You visited 1 branch of the dungeon, and saw 5 of its levels.

You collected 199 gold pieces.

Inventory:

Jewellery
 b - an amulet of magic regeneration (around neck)
 j - a ring of protection from cold (left paw)
Wands
 r - a wand of polymorph (5)
 s - a wand of flame (8)
 v - a wand of acid (9)
Scrolls
 c - 2 scrolls of amnesia
 d - 2 scrolls of identify
 h - a scroll of enchant armour
 k - a scroll of immolation
 m - a scroll of fog
 o - 2 scrolls of summoning
Potions
 a - a potion of ambrosia
 e - a potion of attraction {unknown}
 f - a potion of magic
 g - a potion of brilliance {unknown}
 i - 2 potions of curing {unknown}
 l - a potion of degeneration {unknown}
 n - a potion of haste {unknown}


   Skills:
 * Level 4.0 Fighting
 * Level 5.8 Dodging
 * Level 5.7 Stealth
 * Level 6.3 Unarmed Combat


You had 5 spell levels left.
You didn't know any spells.
Your spell library contained the following spells:

 Spells                   Type           Power      Damage    Failure   Level
 Scorch                   Fire           0%         2d5       47%         2
 Static Discharge         Conj/Air       0%         N/A       47%         2
 Flame Wave               Conj/Fire      0%         2d4       98%         4
 Lightning Bolt           Conj/Air       0%         1d11      100%        5
 Summon Cactus Giant      Summ           0%         N/A       100%        6
 Maxwell's Capacitive Co  Air            0%         ∞         100%        8


Dungeon Overview and Level Annotations

Branches:
Dungeon (5/15)
 Temple: D:4-7

Altars:
Ashenzari
Okawaru
Wu Jian
Yredelemnul

Shops:
D:2 =   D:3 :


Innate Abilities, Weirdness & Mutations

You have sharp claws.
You have razor-sharp teeth.
You have supernaturally acute eyesight. (SInv)
You cover ground quickly. (Speed+)
You are covered in thick fur. (AC +2)
Your paws help you pounce on unaware monsters.
You are incapable of wielding weapons or throwing items.
You cannot wear armour.
You gain extra lives every three experience levels.


Message History

You open the large door.
Found 26 stones.
There is a large open door here.
A killer bee comes into view.
An acid dragon comes into view.
Okay, then.
Found 15 gold pieces and a flail.
The acid dragon roars!
The killer bee buzzes angrily.
The acid dragon spits acid at you. The splash of acid misses you.
The killer bee attacks as you move away!
The killer bee barely misses you. The killer bee misses you.
There is a large open door here.
The killer bee attacks as you move away!
The killer bee completely misses you. The killer bee barely misses you.
There's a creature in the doorway!
You barely miss the killer bee.
You bite the killer bee, but do no damage.
The killer bee misses you.
You scratch the killer bee but do no damage.
You claw the killer bee! Your bite misses the killer bee.
The killer bee is heavily wounded.
The killer bee completely misses you. The killer bee misses you.
You scratch the killer bee.
The killer bee is heavily wounded.
The killer bee completely misses you. The killer bee misses you.
You barely miss the killer bee.
The killer bee is heavily wounded.
The killer bee barely misses you.
You claw the killer bee!
You kill the killer bee!
The acid dragon spits acid at you. The splash of acid hits you!!
Ouch! That really hurt!
* * * LOW HITPOINT WARNING * * *
The acid corrodes you! The acid dragon spits acid at you.
The splash of acid hits you!
Ouch! That really hurt!
You die...

########...........
#.....#............
#.#####............
####.#####.......≈..≈.
#........'........≈≈).
#.##.....D........§≈$.
#.##..##.#.......≈..≈.
#.##..##.#.....(......
#.##..##@#............
#.##..##.##...........
#.##......##..........
#.###.#..#.##.........
#.###.#..#####........
#.##.........##.......
#.##..#..###.#########
#........##.##.#..#
####.........<....#


You could see an acid dragon (catching breath).

Vanquished Creatures
  Grinder (D:3)
  Sigmund (D:3)
  A killer bee (D:5)
  Terence (D:2)
  Natasha (thrice) (D:2)
  Ijyb (D:3)
  5 adders
  2 worms
  4 dart slugs
  An orc (D:4)
  3 bats
  9 endoplasms
  4 giant cockroaches
  5 goblins
  A hobgoblin (D:1)
  3 jackals (D:2)
  10 kobolds
  5 quokkas
  5 ball pythons
  3 frilled lizards
  7 rats
75 creatures vanquished.

Vanquished Creatures (others)
  2 plants (D:3)
2 creatures vanquished.

Grand Total: 77 creatures vanquished

Notes
Turn   | Place    | Note
-------+----------+-------------------------------------------
     0 | D:1      | HotDog the Felid Monk began the quest for the Orb.
     0 | D:1      | Reached XP level 1. HP: 10/10 MP: 2/2
    86 | D:1      | Reached XP level 2. HP: 14/14 MP: 3/3
   534 | D:1      | Reached XP level 3. HP: 17/17 MP: 4/4
   866 | D:1      | Found a faded altar of an unknown god.
  1149 | D:2      | Noticed Natasha
  1155 | D:2      | Killed Natasha
  1156 | D:2      | Reached XP level 4. HP: 21/21 MP: 5/5
  1185 | D:2      | Reached skill level 4 in Unarmed Combat
  1375 | D:2      | Found Postrya's Jewellery Boutique.
  1818 | D:2      | Noticed Natasha
  2194 | D:2      | Noticed Terence
  2517 | D:2      | Slain by Terence
  2518 | D:2      | Reached XP level 3. HP: -3/17 MP: 4/4
  2554 | D:3      | Noticed Ijyb
  2554 | D:3      | Found Nuit's Book Shoppe.
  2572 | D:2      | Killed Terence
  2573 | D:2      | Reached XP level 4. HP: 21/21 MP: 5/5
  2679 | D:2      | Killed Natasha
  2757 | D:2      | Noticed Natasha
  2772 | D:2      | Killed Natasha
  3190 | D:3      | Found an ornate altar of the Wu Jian Council.
  3207 | D:3      | Found a basalt altar of Yredelemnul.
  3210 | D:3      | Found a broken altar of Ashenzari.
  3343 | D:3      | Noticed Grinder
  3358 | D:3      | Paralysed by Grinder for 4 turns
  3391 | D:3      | Killed Grinder
  3392 | D:3      | Reached skill level 5 in Dodging
  3392 | D:3      | Reached skill level 5 in Stealth
  3392 | D:3      | Reached skill level 5 in Unarmed Combat
  3392 | D:3      | Reached XP level 5. HP: 8/25 MP: 6/6
  3392 | D:3      | Gained mutation: You are covered in thick fur. (AC +2)
                  | [Felid growth]
  3392 | D:3      | Reached XP level 6. HP: 9/28 MP: 7/7
  3746 | D:3      | Noticed a sky beast
  4039 | D:3      | Noticed Sigmund
  4060 | D:3      | Killed Sigmund
  4061 | D:3      | Reached skill level 6 in Unarmed Combat
  4183 | D:3      | Killed Ijyb
  4184 | D:3      | Reached XP level 7. HP: 26/32 MP: 8/8
  4419 | D:4      | Found an iron altar of Okawaru.
  4421 | D:4      | Mangled by an ogre
  4422 | D:4      | Reached XP level 6. HP: -7/28 MP: 7/7
  4507 | D:5      | Entered Level 5 of the Dungeon
  4912 | D:5      | Noticed an acid dragon
  4927 | D:5      | Killed from afar by an acid dragon

Illustrated notes

Levels and vault maps discovered:
D:1:      kennysheep_arrival_forest, layout_basic,
          ebering_ecumenical_altar_mist, corexii_hall_statues_deadend
D:2:      layout_rooms, serial_shops, shop, uniq_natasha, uniq_terence
D:3:      layout_rooms, gammafunk_temple_overflow_forgotten, serial_shops, shop,
          lightli_corner_chamber, uniq_grinder, uniq_sigmund, uniq_ijyb
D:4:      layout_layer_cave, minmay_temple_entry_statues,
          hangedman_abyss_or_decor_slice, minmay_ruined_shrine
D:5:      kennysheep_big_flooded_room, layout_loops_ring, lemuel_doored_altar

Skill      XL: |  1  2  3  4  5  6 |
---------------+-------------------+-----
Stealth        | 3 4 5 |  5.7
Unarmed Combat | 5 6 |  6.3
Dodging        | 5 |  5.8
Fighting       | 4 |  4.0

Action                   |  1- 3 |  4- 6 |  7- 9 || total
-------------------------+-------+-------+-------++-------
Melee: Unarmed           |    76 |   167 |    13 ||   256
       Bite              |     7 |    16 |     1 ||    24
       Punch             |     1 |     6 |     1 ||     8
  Use: Potion            |     1 |     1 |       ||     2
       Scroll            |       |    11 |       ||    11
 Stab: Sleeping          |     7 |    10 |       ||    17
       Distracted        |       |     2 |       ||     2
Armor: Skin              |       |     5 |       ||     5
Dodge: Dodged            |    59 |   126 |    11 ||   196

Table legend: (Time is in decaauts)
 A = Elapsed time spent in this place.
 B = Non-inter-level travel time spent in this place.
 C = Inter-level travel time spent in this place.
 D = Time resting spent in this place.
 E = Time spent auto-exploring this place.
 F = Levels seen in this place.
 G = Mean time per level.
                   A        B        C        D        E       F      G
               +--------+--------+--------+--------+--------+-----+--------+
         Total |   4505 |   4464 |     41 |   1936 |   1802 |   5 |  901.0 |
       Dungeon |   4505 |   4464 |     41 |   1936 |   1802 |   5 |  901.0 |
               +--------+--------+--------+--------+--------+-----+--------+

Top non-repeatable levels by time:
     D:2: 1788 daAuts
     D:3: 1255 daAuts
     D:1: 907 daAuts
     D:5: 409 daAuts
     D:4: 145 daAuts
